 Dungeon Crawl Stone Soup version 0.29-a0-817-g9904bce7a6 (webtiles) character file.

Game seed: 14265228339876843331

2 xian the Magician (level 1, 0/13 HPs)
             Began as a Human Wanderer on July 5, 2022.
             Slain by a jackal (2 damage)
             ... on level 1 of the Dungeon.
             The game lasted 00:00:36 (50 turns).

xian the Magician (Human Wanderer)                    Turns: 50, Time: 00:00:36

Health: 0/13       AC:  3    Str:  9    XL:     1   Next: 33%
Magic:  1/6        EV: 12    Int: 16    God:
Gold:   13         SH:  0    Dex: 11    Spells: 9/10 levels left

rFire   . . .      SeeInvis .   a - +0 dagger
rCold   . . .      Faith    .   (no shield)
rNeg    . . .      Spirit   .   c - +0 robe
rPois   .          Reflect  .   d - +0 helmet
rElec   .          Harm     .   (no cloak)
rCorr   .          Rampage  .   (no gloves)
Will    .....                   (no boots)
Stlth   +.........              (no amulet)
HPRegen 0.04/turn               (no ring)
MPRegen 0.10/turn               (no ring)

@: no status effects
A: no striking features
a: no special abilities


You were on level 1 of the Dungeon.
You visited 1 branch of the dungeon, and saw 1 of its levels.

You collected 13 gold pieces.

Inventory:

Hand Weapons
 a - a +0 dagger (weapon)
Armour
 c - a +0 robe (worn)
 d - a +0 helmet (worn)
Scrolls
 e - a scroll of enchant armour {unknown}
Potions
 b - a potion of haste


   Skills:
 + Level 2.0 Dodging
 + Level 1.0 Stealth
 + Level 5.0 Spellcasting
 + Level 2.0 Poison Magic


You had 9 spell levels left.
You knew the following spells:

 Your Spells              Type           Power      Damage    Failure   Level
a - Sting                 Tmut/Pois      28%        1d4       10%         1

Your spell library contained the following spells:

 Spells                   Type           Power      Damage    Failure   Level
 Spider Form              Tmut/Pois      7%         N/A       30%         3
 Corpse Rot               Necr/Pois/Air  6%         N/A       75%         4


Dungeon Overview and Level Annotations

Branches:
Dungeon (1/15)

Altars:


Message History

The hobgoblin attacks as you move away! The hobgoblin hits you.
The bat barely misses you. The bat hits you but does no damage.
There is an open gate here.
The bat misses you. The bat hits you but does no damage.
You see here 4 poisoned darts.
You hit the plant.
The plant begins to die.
The plant is lightly damaged.
The bat hits you but does no damage. The bat closely misses you.
The jackal bites you but does no damage.
The hobgoblin hits you. The bat closely misses you.
The jackal closely misses you.
The jackal bites the plant.
The bat hits you. The bat completely misses you.
The jackal bites the plant.
The bat hits the plant.
A nearby plant withers and dies.
The bat hits you but does no damage.
You are too injured to fight recklessly!
Aiming: Sting (safe; 10% risk of failure)
Press: ? - help, Q - select action Shift-Dir - straight line, f - bat
Aim: a bat (52% to hit)
The sting hits the bat.
The bat is poisoned.
You kill the bat!
The jackal barely misses you. The jackal bites you.
* * * LOW HITPOINT WARNING * * *
Aiming: Sting (safe; 10% risk of failure)
Press: ? - help, Q - select action Shift-Dir - straight line, f - jackal
Aim: a jackal (60% to hit)
The sting hits the jackal.
The jackal is poisoned.
The jackal is lightly wounded.
The jackal closely misses you.
The jackal bites you but does no damage.
The hobgoblin misses you.
Aiming: Sting (safe; 10% risk of failure)
Press: ? - help, Q - select action Shift-Dir - straight line, f/p - jackal
Aim: a jackal (lightly wounded, poisoned, 60% to hit)
The sting misses the jackal.
The jackal closely misses you. The jackal bites you.
* * * LOW HITPOINT WARNING * * *
The jackal bites you.
You die...

≈≈≈.....♣♣# #. .#.....
≈≈≈.......# #. .#.....
≈≈≈≈.....P# #.####.......
≈≈≈≈......# #............
≈≈≈......P# #............
≈≈≈....♣.♣#########'''####....
≈≈≈≈......♣P.P♣♣.##(..##P# .
≈≈≈≈...P.........h......♣#
≈≈≈≈............@h......P#
≈≈≈≈≈............g...♣...#
≈≈≈≈≈≈...................#
≈≈≈≈≈≈≈.≈..≈..≈≈..≈≈...≈≈#
≈≈≈≈≈≈≈≈≈≈≈≈.≈≈≈≈≈≈≈≈≈≈≈≈#
≈≈≈≈≈≈≈≈≈≈≈≈≈≈≈≈≈≈≈≈≈≈≈≈≈#
≈≈≈≈≈≈≈≈≈≈≈≈≈≈≈≈≈≈≈≈≈≈≈≈≈#
##########################


You could see 2 jackals and a hobgoblin.

Vanquished Creatures
  A hobgoblin (D:1)
  A bat (D:1)
2 creatures vanquished.

Vanquished Creatures (others)
  A plant (D:1)
1 creature vanquished.

Grand Total: 3 creatures vanquished

Notes
Turn   | Place    | Note
-------+----------+-------------------------------------------
     0 | D:1      | xian the Human Wanderer began the quest for the Orb.
     0 | D:1      | xian set off with the following items: a +0 dagger, a
                  | potion of haste, a +0 robe, a +0 helmet; and the following
                  | spells available to memorise: Sting, Spider Form, Corpse
                  | Rot.
     0 | D:1      | Reached XP level 1. HP: 13/13 MP: 6/6
     2 | D:1      | Learned a level 1 spell: Sting
    50 | D:1      | Slain by a jackal

Illustrated notes

Levels and vault maps discovered:
D:1:      kennysheep_arrival_seaside, layout_basic

Action                   || total
-------------------------++-------
Melee: Dagger            ||     2
 Cast: Sting             ||     6
Armor: Robe              ||     6
Dodge: Dodged            ||    10

Table legend: (Time is in decaauts)
 A = Elapsed time spent in this place.
 B = Non-inter-level travel time spent in this place.
 C = Inter-level travel time spent in this place.
 D = Time resting spent in this place.
 E = Time spent auto-exploring this place.
 F = Levels seen in this place.
 G = Mean time per level.
                   A        B        C        D        E       F      G
               +--------+--------+--------+--------+--------+-----+--------+
         Total |     50 |     50 |      0 |      0 |     29 |   1 |   50.0 |
       Dungeon |     50 |     50 |      0 |      0 |     29 |   1 |   50.0 |
               +--------+--------+--------+--------+--------+-----+--------+

Top non-repeatable levels by time:
     D:1: 50 daAuts
